AoeStats
← Thebeast2810

Arena

505038342Analyzed
4v4 RM · 26d ago on Sep 7, 2026· 56m 54s· 8 players
Game mode
Random Map
Map size
Large (8 player)
Population
200
Speed
Normal
Resources
Standard
Victory
Conquest
Starting age
Dark Age
Ending age
Imperial Age
RankedLock teamsTeams togetherTeam positionsShared explorationLock speedFull tech treeHidden civsTurbo modeCheats
Victory
Defeat
🇬🇷 Persians · Greece
1114
+15
🇩🇪 Vietnamese · Germany
1094
+15
🇩🇪 Huns · Germany
1094
+15
🇬🇧 Wu · United Kingdom
1082
+16
🇹🇷 Vietnamese · Türkiye
1125
-18
🇹🇷 Italians · Türkiye
1085
-15
🇨🇦 Bohemians · Canada
1061
-14
🇨🇦 Italians · Canada
1059
-14
House of Bebu
8:43 Loom
11:37 Feudal Age
15:14 Castle Age
13:08 Double-Bit Axe
13:56 Horse Collar
16:22 Bow Saw
16:14 Heavy Plow
20:50 Fletching
22:54 Wheelbarrow
23:44 Stone Mining
24:31 Scale Mail Armor
26:13 Bodkin Arrow
26:34 Chain Mail Armor
26:30 Forging
26:00 Man-at-Arms
27:23 Stone Shaft Mining
27:21 Padded Archer Armor
26:46 Long Swordsman
27:49 Arson
29:30 Iron Casting
29:54 Leather Archer Armor
29:45 Squires
30:46 Murder Holes
31:56 Hand Cart
32:17 Red Cliffs Tactics
36:19 Imperial Age
33:34 Town Watch
34:42 Town Patrol
35:26 Gold Mining
36:20 Two-Handed Swordsman
37:06 Bracer
38:18 Blast Furnace
37:48 Plate Mail Armor
37:34 Champion
39:03 Conscription
38:24 Pikeman
39:06 Halberdier
40:39 Elite Fire Archer
50:45 Guilds
felixcool98
11:46 Feudal Age
13:17 Double-Bit Axe
16:26 Castle Age
14:22 Horse Collar
17:37 Bow Saw
17:47 Stone Mining
17:51 Gold Mining
18:03 Heavy Plow
20:07 Elite Skirmisher
21:52 Fortified Wall
23:16 Stone Shaft Mining
27:26 Loom
32:09 Imperial Age
29:57 Fletching
29:56 Town Watch
30:45 Bodkin Arrow
31:22 Padded Archer Armor
31:56 Ballistics
32:33 Town Patrol
32:40 Town Patrol
33:29 Paper Money
33:32 Imperial Skirmisher
35:17 Siege Engineers
35:17 Bracer
35:54 Thumb Ring
36:19 Leather Archer Armor
38:23 Chemistry
39:23 Ring Archer Armor
41:25 Two-Man Saw
41:02 Wheelbarrow
40:43 Guilds
41:03 Coinage
44:49 Hand Cart
44:18 Treadmill Crane
47:40 Banking
49:50 Hoardings
Gast
10:39 Feudal Age
14:41 Castle Age
13:26 Loom
14:28 Double-Bit Axe
14:24 Horse Collar
15:44 Bow Saw
15:50 Heavy Plow
21:24 Wheelbarrow
22:10 Scale Barding Armor
23:32 Gold Mining
24:12 Forging
25:21 Bloodlines
26:52 Hand Cart
26:19 Light Cavalry
30:47 Imperial Age
28:40 Chain Barding Armor
28:20 Scale Mail Armor
28:58 Iron Casting
30:02 Marauders
30:52 Husbandry
31:53 Conscription
30:53 Elite Tarkan
31:57 Atheism
32:01 Town Watch
33:18 Plate Barding Armor
33:44 Blast Furnace
34:45 Gold Shaft Mining
34:01 Stone Mining
36:08 Hussar
52:32 Capped Ram
Sp@wn
11:56 Feudal Age
14:02 Double-Bit Axe
14:10 Gold Mining
17:27 Castle Age
16:36 Horse Collar
18:04 Bloodlines
18:04 Scale Barding Armor
18:09 Forging
19:22 Loom
23:43 Heavy Plow
25:04 Town Watch
26:42 Wheelbarrow
30:59 Imperial Age
28:47 Bow Saw
29:33 Husbandry
29:55 Pikeman
30:35 Squires
30:37 Scale Mail Armor
30:57 Chain Barding Armor
31:15 Iron Casting
30:38 Cavalier
33:05 Plate Barding Armor
33:43 Two-Man Saw
34:33 Conscription
33:43 Savar
36:12 Chemistry
36:04 Gold Shaft Mining
36:08 Capped Ram
37:23 Town Patrol
38:00 Halberdier
40:33 Fletching
40:44 Scale Mail Armor
43:47 Light Cavalry
44:52 Arson
45:24 Chain Mail Armor
46:09 Blast Furnace
44:48 Hussar
47:36 Plate Mail Armor
49:26 Siege Ram
53:27 Crop Rotation
54:02 Stone Mining
57:19 Bodkin Arrow
Torontist | The Hood
0:25 Loom
10:17 Feudal Age
11:05 Double-Bit Axe
14:45 Castle Age
24:40 Bow Saw
24:12 Horse Collar
26:16 Heavy Plow
27:21 Wheelbarrow
29:54 Imperial Age
28:02 Gold Mining
28:33 Hand Cart
28:22 Padded Archer Armor
28:32 Forging
29:03 Ballistics
28:34 Fletching
28:38 Town Watch
30:05 Elite Genoese Crossbowman
30:42 Bodkin Arrow
31:02 Leather Archer Armor
31:50 Chemistry
31:44 Conscription
32:41 Two-Man Saw
32:12 Crop Rotation
32:21 Bracer
32:51 Ring Archer Armor
33:30 Town Patrol
33:56 Pikeman
35:42 Scale Mail Armor
37:36 Chain Mail Armor
37:35 Forging
41:03 Bombard Tower
41:49 Plate Mail Armor
41:54 Iron Casting
52:04 Elite Skirmisher
53:37 Imperial Skirmisher
Lemi
0:26 Loom
12:43 Feudal Age
15:15 Double-Bit Axe
17:43 Castle Age
20:25 Bow Saw
19:56 Horse Collar
20:35 Heavy Plow
26:56 Gold Mining
28:29 Chatras
30:44 Scale Barding Armor
30:50 Forging
35:17 Imperial Age
33:24 Wheelbarrow
32:38 Town Watch
34:52 Ballistics
34:16 Treadmill Crane
35:02 Husbandry
35:13 Bloodlines
35:37 Hand Cart
36:23 Paper Money
35:39 Elite Battle Elephant
37:39 Chemistry
36:44 Elite Skirmisher
37:23 Imperial Skirmisher
42:08 Devotion
45:17 Thumb Ring
45:25 Padded Archer Armor
45:16 Fletching
45:46 Chain Barding Armor
46:03 Iron Casting
46:00 Crop Rotation
46:33 Two-Man Saw
54:47 Squires
54:07 Pikeman
aymoredsox
11:11 Feudal Age
14:50 Castle Age
18:16 Double-Bit Axe
21:11 Horse Collar
22:46 Loom
24:33 Wheelbarrow
26:58 Bow Saw
27:34 Hand Cart
27:51 Heavy Plow
33:19 Imperial Age
32:12 Chemistry
32:37 Ballistics
34:49 Hussite Reforms
35:05 Conscription
36:29 Houfnice
38:18 Fortified Wall
46:17 Pikeman
46:57 Squires
46:52 Arson
46:57 Halberdier
51:42 Siege Engineers
Thebeast2810
11:03 Feudal Age
14:49 Castle Age
12:43 Double-Bit Axe
12:59 Stone Mining
13:37 Horse Collar
14:38 Loom
16:37 Bow Saw
24:33 Wheelbarrow
27:34 Ballistics
27:57 Hand Cart
27:57 Fletching
28:27 Padded Archer Armor
28:46 Fortified Wall
29:56 Heavy Plow
29:50 Gold Mining
33:46 Imperial Age
33:53 Bodkin Arrow
34:14 Leather Archer Armor
33:57 Murder Holes
34:34 Bracer
34:50 Leather Archer Armor
34:25 Arrowslits
35:41 Chemistry
35:42 Conscription
36:52 Hoardings
35:40 Elite Genoese Crossbowman
37:46 Ring Archer Armor
38:20 Masonry
39:35 Architecture
48:04 Pikeman
48:45 Squires
48:49 Scale Mail Armor
48:59 Forging
49:46 Chain Mail Armor
50:56 Iron Casting
52:50 Plate Mail Armor
56:15 Blast Furnace
Connection lost

Rejoining the realm…

Still unreachable

The connection could not be restored.

Session expired

The server has moved on; the page needs a fresh start.